 Dungeon Crawl Stone Soup version 0.31-a0-271-gb88eb75e06 (webtiles) character file.

Game seed: 14792226211059609332

21 drugrobin the Sneak (level 2, -4/25 HPs)
             Began as a Demigod Delver on July 15, 2023.
             Asphyxiated
             ... in a sewer.
             The game lasted 00:04:11 (579 turns).

drugrobin the Sneak (Demigod Delver)                 Turns: 579, Time: 00:04:12

Health: -4/25      AC:  3    Str: 13    XL:     2   Next: 48%
Magic:  4/4        EV: 11    Int: 12    God:
Gold:   78         SH:  0    Dex: 15    Spells: 1/1 levels left

rFire   . . .        a - +0 spear
rCold   . . .        (no shield)
rNeg    . . .        i - +0 leather armour
rPois   .            (no helmet)
rElec   .            (no cloak)
rCorr   .            (no gloves)
SInv    .            (no boots)
Will    .....        (no amulet)
Stlth   +++          (no ring)
HPRegen 0.24/turn    (no ring)
MPRegen 0.09/turn

%: no passive effects
@: lethally poisoned (-4 -> -20), attractive, hasted, very quick
A: high MP 1, forlorn, divine attributes
a: no special abilities


You were in a sewer.
You visited 1 branch of the dungeon, and saw 3 of its levels.
You also visited: Sewer.

You collected 78 gold pieces.

Inventory:

Hand Weapons
 a - a +0 spear (weapon)
 b - a +0 sling
Armour
 i - a +0 leather armour (worn)
Wands
 g - a wand of digging (3)
Scrolls
 c - a scroll of fog
 h - a scroll of enchant weapon {unknown}
 j - a scroll of blinking {unknown}


   Skills:
 - Level 2.6 Fighting
 + Level 3.0 Polearms
 - Level 1.7 Dodging
 - Level 4.5 Stealth


You had one spell level left.
You didn't know any spells.
Your spell library contained the following spells:

 Spells                   Type           Power      Damage    Failure   Level
 Hailstorm                Conj/Ice       0%         3d3       77%         3
 Ignite Poison            Fire/Tmut/Pois 0%         N/A       77%         3
 Sticky Flame             Conj/Fire      0%         2d3       99%         4
 Summon Ice Beast         Ice/Summ       0%         N/A       99%         4
 Simulacrum               Ice/Necr       0%         N/A       100%        6
 Ignition                 Fire           0%         3d3       100%        8


Dungeon Overview and Level Annotations

Branches:
Dungeon (5/15)              Sewer (1/1)
 Temple: D:4-7


Innate Abilities, Weirdness & Mutations

You have an increased reservoir of magic. (+10% MP)
You shall have no god before yourself.
Your divine heritage dramatically boosts your attributes as you level up.


Message History

You hit the kobold brigand.
The kobold brigand is lightly wounded.
The kobold brigand hits you but does no damage.
You barely miss the kobold brigand.
The kobold brigand is lightly wounded.
The kobold brigand hits you with a +0 whip!
Okay, then.
Okay, then.
It was a potion of attraction.
You feel attractive to monsters. The kobold brigand barely misses you.
Unknown command.
As you read the scroll of fear, it crumbles to dust.
You assume a fearsome visage.
The kobold brigand looks frightened!
The kobold brigand is attracted toward you.
The kobold brigand is attracted toward you.
The kobold brigand is attracted toward you.
The kobold brigand is attracted toward you.
The kobold brigand is attracted toward you.
The kobold brigand is attracted toward you.
The kobold brigand seems to regain its courage.
The kobold brigand attacks as you move away!
The kobold brigand hits you with a +0 whip.
* * * LOW HITPOINT WARNING * * *
The kobold brigand throws a curare-tipped dart.
The curare-tipped dart closely misses you.
The kobold brigand is attracted toward you.
Unknown command.
Unknown command.
Okay, then.
You feel yourself speed up.
The kobold brigand hits you with a +0 whip.
* * * LOW HITPOINT WARNING * * *
Unknown command.
Unknown command.
The kobold brigand throws a curare-tipped dart.
The curare-tipped dart hits you.
You are lethally poisoned!
You have difficulty breathing.
You die...

##~~~~.~~~#
#..~....###
##~.~.~###
#~~....#
#..P##########
#.P.~~~~~~~~~#
#..K##########
#........P###
##...@∩.P..P##
#≈≈....#~#..#
#≈≈≈≈≈.#~#.P#
##≈≈≈≈≈#~#≈≈#
##≈≈≈≈#~#≈≈#
###≈≈#~#≈≈#
#########


You could see a kobold brigand.

Vanquished Creatures
  An adder (D:3)
  A bat (D:3)
  An endoplasm (D:3)
  2 goblins (D:3)
  2 hobgoblins (D:3)
  A quokka (D:3)
  A ball python (D:3)
  A frilled lizard (D:3)
  A kobold (D:3)
  A rat (Sewer)
12 creatures vanquished.

Notes
Turn   | Place    | Note
-------+----------+-------------------------------------------
     0 | D:5      | drugrobin the Demigod Delver began the quest for the Orb.
     0 | D:5      | Reached XP level 1. HP: 18/18 MP: 3/3
    94 | D:4      | Noticed a phantom
   164 | D:3      | Reached XP level 2. HP: 20/25 MP: 4/4
   489 | D:3      | Found a glowing drain.
   500 | Sewer    | Entered a sewer
   512 | Sewer    | Noticed a kobold brigand
   577 | Sewer    | HP: 1/25 [kobold brigand/+0 whip (3)]
   579 | Sewer    | Asphyxiated

Illustrated notes

Levels and vault maps discovered:
D:3:      layout_basic, nicolae_kikubaaqudgha_miasma_corner,
          portal_sewer_entry_a, hangedman_decor_clover_reticule,
          nicolae_elevator_lobby_plus
D:4:      layout_rooms
D:5:      layout_rooms, mainiacjoe_overflow_brackets,
          dreamdust_mushroom_princess, uniq_crazy_yiuf_cottage,
          uniq_blork_the_orc, uniq_sigmund
Sewer:    sewer_co_scattered_pipes

Skill      XL: |  1  2 |
---------------+-------+-----
Polearms       | 2 3 |  3.0
Fighting       | |  2.6
Dodging        | |  1.7
Stealth        | |  4.5

Action                     || total
---------------------------++-------
  Melee: Spear             ||    36
         Punch             ||     2
   Fire: Sling             ||    15
    Use: Scroll            ||     2
         Potion            ||     2
   Stab: Sleeping          ||     1
 Armour: Leather armour    ||    19
  Dodge: Dodged            ||    30

Table legend: (Time is in decaauts)
 A = Elapsed time spent in this place.
 B = Non-inter-level travel time spent in this place.
 C = Inter-level travel time spent in this place.
 D = Time resting spent in this place.
 E = Time spent auto-exploring this place.
 F = Levels seen in this place.
 G = Mean time per level.
                   A        B        C        D        E       F      G
               +--------+--------+--------+--------+--------+-----+--------+
         Total |    594 |    490 |    104 |     24 |     11 |   4 |  148.5 |
       Dungeon |    505 |    401 |    104 |     24 |      0 |   3 |  168.3 |
         Sewer |     89 |     89 |      0 |      0 |     11 |   1 |   89.0 |
               +--------+--------+--------+--------+--------+-----+--------+

Top non-repeatable levels by time:
     D:3: 405 daAuts
   Sewer: 89 daAuts
     D:5: 77 daAuts
     D:4: 22 daAuts
